[Event "*** Titled Tuesday Blitz"]
[Site "Chess.com"]
[Date "2020.04.28"]
[Round "4"]
[White "Megagigahiper3345"]
[Black "jaskol95"]
[Result "1-0"]
[WhiteElo "2459"]
[BlackElo "2267"]
[TimeControl "180+1"]
[EndTime "10:41:08 PDT"]
[Termination "Megagigahiper3345 won by checkmate"]

1. d4 Nf6 2. c4 g6 3. Nc3 d5 4. cxd5 Nxd5 5. e4 Nxc3 6. bxc3 Bg7 7. Bc4 O-O 8. Ne2 c5 9. Be3 Nc6 10. h4 cxd4 11. cxd4 Qa5+ 12. Kf1 Qa3 13. Qb3 Qxb3 14. Bxb3 h5 15. f3 Rd8 16. Rd1 Na5 17. Kf2 Nxb3 18.
axb3 b6 19. d5 e6 20. Nd4 Bxd4 21. Rxd4 exd5 22. exd5 Bb7 23. Rhd1 Rac8 24. Bg5 Rd7 25.
d6 Rc2+ 26. Kg3 Kg7 27. Be7 Re2 28. Rc1 Re3 29. b4 a5 30. bxa5 bxa5 31. Ra1 Re5 32. Rda4 f6 33. Rxa5 Rxa5 34. Rxa5 Kf7 35. Ra4 Bc6 36. Rf4 f5 37. Rc4 Bb5 38. Rc5 Ba4 39. Kf4 Bb3 40. Kg5 Be6 41. Rb5 Ra7 42. Rb2 Bd7 43.
Re2 Be6 44. Rb2 Bd7 45. Rb8 Ra2 46. g3 Ra3 47. Rf8+ Kg7 48. Rd8 Be6 49. d7 Rd3 50. Bf6+ Kf7 51. Re8 Rxd7 52. Rh8 Rd5 53. Rh7+ Kg8 54.
Rg7+ Kf8 55. Kxg6 Bf7+ 56. Rxf7+ Kg8 57. Rg7+ Kf8 58. Rh7 f4 59. Rh8# 1-0

[Event "*** Titled Tuesday Blitz"]
[Site "Chess.com"]
[Date "2020.04.28"]
[Round "4"]
[White "chessfrendz"]
[Black "korbul"]
[Result "1-0"]
[WhiteElo "2429"]
[BlackElo "2591"]
[TimeControl "180+1"]
[EndTime "10:41:09 PDT"]
[Termination "chessfrendz won by resignation"]

1. d4 Nf6 2. c4 e6 3. Nc3 Bb4 4. e3 b6 5. Bd3 Bb7 6. Nf3 Ne4 7. O-O f5 8. Ne2 Bd6 9. Ng3 Bxg3 10. fxg3 O-O 11.
b3 d6 12. Qe1 Nd7 13. Bb2 Ndf6 14. Rd1 Qe7 15. Nd2 Nxd2 16. Qxd2 Ne4 17. Bxe4 Bxe4 18.
Qf2 a5 19. a3 a4 20. b4 d5 21. c5 b5 22. Qf4 g5 23. Qe5 Rae8 24. Rd2 Qg7 25. Qxg7+ Kxg7 26. Rdf2 g4 27. h4 gxh3 28. gxh3 Rf6 29. Kh2 Rg6 30. Rg1 Rg8 31. Rf4 h5 32.
Bc3 Kh6 33. h4 Rg4 34. Rxg4 hxg4 35. Rf1 Kh5 36. Rf2 Rg6 37. Bb2 Bf3 38. Bc3 Rg8 39.
Bb2 Kg6 40. Bc3 Rh8 41. Bb2 Rh6 42. Bc3 f4 43. exf4 Kf5 44. Bd2 Rg6 45. Rf1 Ke4 46. Bc3 Kd3 47. Bb2 Kc2 48. Rf2+ Kb3 49. Kg1 Rh6 50.
Kf1 Rh5 51. Ke1 c6 52. Rd2 Be4 53. Kf2 Bc2 54. Bc1 Kc3 55. Ke3 Be4 56. Rf2 Bf5 57. Rb2 e5 58. fxe5 Be4 59. Rf2 Bf3 60. Kf4 Kxd4 61.
Bb2+ Kd3 62. e6 d4 63. e7 Rh8 64. Ke5 Ke3 65. Bxd4+ Kd3 66. Bb2 Ke3 67. Rh2 Bd5 68. Kd6 Kf3 69. Bxh8 1-0

[Event "*** Titled Tuesday Blitz"]
[Site "Chess.com"]
[Date "2020.04.28"]
[Round "4"]
[White "svilson23"]
[Black "Chessmatus"]
[Result "1-0"]
[WhiteElo "2222"]
[BlackElo "2334"]
[TimeControl "180+1"]
[EndTime "10:41:09 PDT"]
[Termination "svilson23 won by resignation"]

1. d4 Nf6 2. Bg5 Ne4 3. Bf4 c5 4. d5 Qb6 5. Nc3 Qxb2 6. Nxe4 Qb4+ 7. Qd2 Qxe4 8. f3 Qa4 9. e4 d6 10. Ne2 a6 11. Nc3 Qd7 12. a4 g6 13. a5 Bg7 14.
Bc4 O-O 15. O-O Qc7 16. Kh1 Nd7 17. Bh6 b5 18. Bxg7 Kxg7 19. Be2 f5 20. exf5 Rxf5 21. Ne4 Nf6 22. c4 b4 23. Ng3 Bd7 24. Nxf5+ Bxf5 25. g4 Bd7 26. Bd1 Rf8 27. Bc2 e5 28. Kg2 Qd8 29.
Qg5 Qe7 30. h4 Qf7 31. h5 h6 32. Qxg6+ Qxg6 33. hxg6 Be8 34. Rh1 Bxg6 35. Bxg6 Kxg6 36. Rh2 Rh8 37. Kg3 Kg5 38. Rah1 Rh7 39. Re2 Kg6 40. Rhh2 Rf7 41. Rhf2 Nh7 42. f4 exf4+ 43. Rxf4 Rxf4 44.
Kxf4 Nf6 45. Re6 Kf7 46. Rxd6 Ne8 47. Rxa6 Ke7 48. Rb6 Nd6 49. a6 Nxc4 50. Rb7+ Kd6 51. a7 1-0

[Event "*** Titled Tuesday Blitz"]
[Site "Chess.com"]
[Date "2020.04.28"]
[Round "4"]
[White "CMS13"]
[Black "saisree"]
[Result "1-0"]
[WhiteElo "2155"]
[BlackElo "2302"]
[TimeControl "180+1"]
[EndTime "10:41:09 PDT"]
[Termination "CMS13 won on time"]

1. e4 c6 2. Nc3 d5 3. Nf3 Bg4 4. h3 Bh5 5. g4 Bg6 6. exd5 cxd5 7. Bb5+ Nc6 8. Ne5 Rc8 9. d4 e6 10. h4 h6 11. Nxg6 fxg6 12. Qd3 Qf6 13. Be3 Bd6 14. O-O-O Ne7 15. g5 Qf5 16. Qe2 h5 17. Bd3 Qf7 18. Rh3 O-O 19. Rg1 Nf5 20. Rf3 Nfxd4 21.
Rxf7 Nxe2+ 22. Nxe2 Rxf7 23. Bxg6 Rff8 24. Bxh5 Ne5 25.
Nd4 g6 26. Be2 Rce8 27. h5 Kg7 28. Rh1 Bc5 29. Nxe6+ Rxe6 30. Bxc5 Rf5 31. Bd4 Rxg5 32. f4 Rg2 33. Bf3 Rf2 34. Bxd5 Rxf4 35. Bxe6 Rxd4 36. h6+ Kh7 37. c3 Rd6 38. Bb3 Nf3 39. Bc2 Ng5 40.
b3 Nf7 41. Kb2 Nxh6 42. a4 Kg7 43. Re1 Nf7 44. Re7 Rb6 45. a5 Rb5 46. b4 a6 47. Bd3 Rd5 48. Bc4 Rd2+ 49. Kb3 Rf2 50. Rxb7 g5 51. Bxa6 g4 52. Bc4 g3 53. Bd5 Kg6 54.
Be4+ Kg5 55. a6 Nd6 56. a7 Rf8 57. Rb8 1-0

[Event "*** Titled Tuesday Blitz"]
[Site "Chess.com"]
[Date "2020.04.28"]
[Round "4"]
[White "mirceaparligras"]
[Black "kleopl"]
[Result "1-0"]
[WhiteElo "2674"]
[BlackElo "2478"]
[TimeControl "180+1"]
[EndTime "10:41:10 PDT"]
[Termination "mirceaparligras won by resignation"]

1. d4 Nf6 2. c4 g6 3. Nc3 d5 4.
cxd5 Nxd5 5. e4 Nxc3 6. bxc3 c5 7. Nf3 Bg7 8. h3 O-O 9. Be3 Nc6 10. Be2 b6 11. O-O Bb7 12. Qd2 Re8 13. d5 Na5 14. c4 e5 15. Bh6 Bxh6 16. Qxh6 f6 17. Nd2 Ba6 18. f4 Qe7 19. f5 g5 20. h4 gxh4 21. Qxh4 Kh8 22. Rf3 Rg8 23. Rh3 Rg7 24. Rf1 Rag8 25.
Rf2 Nb7 26. Rh2 Nd6 27. Qh6 Qf8 28. Kh1 Qe7 29. Rf3 Nf7 30. Qh4 Bc8 31. Rd3 Nd6 32.
Bh5 Ba6 33. Bg6 Rxg6 34. fxg6 Rxg6 35. Rg3 Rxg3 36. Qxg3 Bxc4 37. Qg4 Ba6 38. Nf3 Bc8 39. Qh4 c4 40. Nxe5 Kg8 41. Qg3+ Qg7 42. Qxg7+ Kxg7 43. Nc6 c3 44. Nd4 Nxe4 45. Rh4 f5 46. Kg1 b5 47. Kf1 b4 48. Ke2 a5 49. Ke3 a4 50. Rh1 Bb7 51. Nxf5+ Kf6 52. Kxe4 Bxd5+ 53. Kxd5 b3 54. axb3 axb3 55. Nd4 c2 56. Nxb3 1-0

[Event "*** Titled Tuesday Blitz"]
[Site "Chess.com"]
[Date "2020.04.28"]
[Round "4"]
[White "dpopadic"]
[Black "yoolund"]
[Result "1-0"]
[WhiteElo "2339"]
[BlackElo "2528"]
[TimeControl "180+1"]
[EndTime "10:41:10 PDT"]
[Termination "dpopadic won on time"]

1. e4 c6 2. d4 d5 3. Nd2 dxe4 4. Nxe4 Nd7 5. Qe2 e6 6. Nf3 Ngf6 7. Bd2 Be7 8. O-O-O O-O 9. g4 c5 10. Nxc5 Nxc5 11.
dxc5 Qc7 12. g5 Nd7 13. h4 Nxc5 14. Bg2 b6 15. Ne5 Bb7 16. Bxb7 Qxb7 17. Be3 Qe4 18.
Nd3 Rac8 19. f3 Nxd3+ 20. Rxd3 Qc4 21. Kb1 Rcd8 22. h5 Rd5 23. b3 Qa6 24. f4 Rfd8 25. Rhd1 Rxd3 26. Rxd3 Rxd3 27. Qxd3 Qxd3 28. cxd3 f6 29. Kc2 fxg5 30. fxg5 Kf7 31. a4 Ke8 32.
Kc3 Kd7 33. Kc4 Kc6 34. g6 hxg6 35. hxg6 a6 36. Bd4 b5+ 37. axb5+ axb5+ 38. Kc3 Bf8 39. Kd2 Kd5 40. Bc3 e5 41. Ke3 Bc5+ 42. Kf3 Bf8 43. Kg4 e4 44. dxe4+ Kxe4 45. Bb2 Kd3 46. Be5 Kc2 47. b4 Kb3 48. Kf5 Kxb4 49. Ke6 Kc4 50. Kf7 Bc5 51. Kxg7 Be3 52. Kh7 1-0

[Event "*** Titled Tuesday Blitz"]
[Site "Chess.com"]
[Date "2020.04.28"]
[Round "4"]
[White "troisi"]
[Black "Trankuilizer"]
[Result "0-1"]
[WhiteElo "2154"]
[BlackElo "2485"]
[TimeControl "180+1"]
[EndTime "10:41:10 PDT"]
[Termination "Trankuilizer won by resignation"]

1. e4 e5 2. Nf3 Nc6 3. d4 exd4 4. Bc4 Nf6 5. O-O Nxe4 6. Re1 d5 7. Bxd5 Qxd5 8. Nc3 Qh5 9. Nxe4 Be6 10. Neg5 O-O-O 11. Nxe6 fxe6 12. Rxe6 Bd6 13. h3 h6 14. Qe1 Rde8 15.
Bd2 Qf7 16. Rxe8+ Rxe8 17. Qf1 Qf5 18. Qc4 Ne5 19. Nxe5 Qxe5 20. g3 Qf5 21. Re1 Rxe1+ 22. Bxe1 Qe5 23. Bd2 a6 24. Qg8+ Kd7 25. Qc4 b5 26.
Qf7+ Kc6 27. Qf3+ Kb6 28. Kg2 Qe6 29. a3 c6 30. Bf4 Bxf4 31. Qxf4 Kb7 32. g4 Qd5+ 33.
Qf3 Qe6 34. Qf4 Qd7 35. Qe4 a5 36. b4 axb4 37. axb4 Qd6 38. Qe1 Kb6 39. f3 c5 40.
bxc5+ Kxc5 41. Qe4 g5 42. Qd3 Qe6 43. Qa3+ Kb6 44.
Qd3 Kc5 45. Qa3+ Kb6 46. Qd3 Qd6 47. Qe4 Ka5 48. Qa8+ Kb4 49. Qe4 Qc5 50. Qd3 Qc3 51. Qe2 Qe3 52. Qxe3 dxe3 53. h4 Kc3 54. hxg5 hxg5 55. f4 gxf4 56. Kf3 Kd2 57. c4 bxc4 58. Kxf4 e2 59. Kf5 e1=Q 0-1

[Event "*** Titled Tuesday Blitz"]
[Site "Chess.com"]
[Date "2020.04.28"]
[Round "4"]
[White "Gvetadze"]
[Black "Gennady_Kozlov"]
[Result "1-0"]
[WhiteElo "2366"]
[BlackElo "2566"]
[TimeControl "180+1"]
[EndTime "10:41:10 PDT"]
[Termination "Gvetadze won by resignation"]

1. Nf3 d5 2. g3 Bf5 3. Bg2 c6 4. O-O h6 5. d3 e6 6. Nbd2 Nf6 7.
c4 Be7 8. b3 O-O 9. Bb2 Nbd7 10. Rc1 Bh7 11. Rc2 Qa5 12. Qa1 Rfd8 13. a3 Qb6 14. Ne5 Nxe5 15. Bxe5 Rac8 16. b4 a5 17. c5 Qa6 18. Nb3 a4 19. Nd2 Ne8 20. f4 Bf6 21. Nf3 b6 22. cxb6 Qxb6+ 23. Kh1 c5 24. Rfc1 c4 25. Rc3 Bxe5 26. Nxe5 Qe3 27. dxc4 Qxe2 28.
cxd5 Rxc3 29. Qxc3 exd5 30. Re1 Qf2 31. Nc6 d4 32.
Qc1 Ra8 33. Ne7+ Kf8 34. Bxa8 d3 35. Qe3 Qxe3 36. Rxe3 d2 37. Bf3 Nd6 38. Nd5 Be4 39. Nc3 Bc2 40. Bd1 Nc4 41. Rf3 Bb3 42. Bxb3 axb3 43.
Rd3 b2 44. Nb1 Ke7 45. b5 Ke6 46. b6 Nxb6 47. Rxd2 Nc4 48. Rc2 Kd5 49. Kg1 Kd4 50. Kf2 Kd3 51. Rxc4 Kxc4 52. Ke2 Kb3 53. Kd2 f5 54.
Kd1 g6 55. Kd2 g5 56. Kd3 gxf4 57. gxf4 h5 58. h4 Ka4 59. Kc2 Kb5 60. Kxb2 Kc4 61. a4 Kd4 62. a5 Ke4 63. a6 Kxf4 64. a7 Kg4 65. a8=Q Kxh4 1-0

[Event "*** Titled Tuesday Blitz"]
[Site "Chess.com"]
[Date "2020.04.28"]
[Round "4"]
[White "Blitzking642"]
[Black "picturesquecheck"]
[Result "1-0"]
[WhiteElo "2315"]
[BlackElo "2114"]
[TimeControl "180+1"]
[EndTime "10:41:10 PDT"]
[Termination "Blitzking642 won by resignation"]

1. d4 Nf6 2. c4 e6 3. Nc3 d5 4. cxd5 exd5 5. Bg5 Bb4 6. Qc2 O-O 7. e3 c5 8. dxc5 Be6 9. Bd3 h6 10. Bh4 Nbd7 11. a3 Bxc3+ 12. Qxc3 Rc8 13. b4 g5 14. Bg3 Ne4 15. Bxe4 dxe4 16. h4 g4 17. Ne2 Qf6 18. Rd1 b6 19. Qxf6 Nxf6 20. Bd6 Rfe8 21. Nd4 Bc4 22. Nf5 Kh7 23. Ne7 Ra8 24. c6 Rxe7 25.
Bxe7 Nd5 26. Bd6 Rc8 27. c7 Kg6 28. Rd4 b5 29. Rxe4 Kf5 30. Re5+ Kf6 31. Kd2 Nxc7 32.
Bxc7 Rxc7 33. Rh5 Rd7+ 34. Kc2 Kg6 35. Rc5 Rd3 36. Rc6+ f6 37. h5+ Kg5 38. Rc5+ f5 39.
Rc7 Rxa3 40. Rg7+ Kf6 41. Rg6+ Ke5 42. Rxh6 Ra2+ 43. Kb1 Rxf2 44. Rh7 Ke4 45. Re7+ Kd3 46. h6 Kc3 47. h7 Bd3+ 48. Ka1 Kb3 49. Rxa7 f4 50.
h8=Q 1-0

[Event "*** Titled Tuesday Blitz"]
[Site "Chess.com"]
[Date "2020.04.28"]
[Round "4"]
[White "HouseOfDurin"]
[Black "AnnaChessLook"]
[Result "0-1"]
[WhiteElo "2059"]
[BlackElo "2260"]
[TimeControl "180+1"]
[EndTime "10:41:10 PDT"]
[Termination "AnnaChessLook won on time"]

1. d4 Nf6 2. Bg5 Ne4 3. h4 c5 4. dxc5 Nxc5 5. Nd2 d5 6. e3 Nc6 7.
Nb3 Ne4 8. Bd3 Nxg5 9. hxg5 g6 10. f4 Bg7 11. c3 O-O 12. Nf3 Bg4 13. Qc2 e5 14.
Rh4 Qc8 15. Nh2 Be6 16. Nc5 e4 17. Be2 b6 18. Nxe6 fxe6 19. O-O-O b5 20. Bxb5 Rb8 21. Bxc6 Qxc6 22. Ng4 Qa6 23. Kb1 Rf7 24. Rdh1 Rfb7 25.
Nf6+ Bxf6 26. gxf6 Rxb2+ 27. Qxb2 Rxb2+ 28. Kxb2 Qe2+ 29. Kb3 Kf7 30. Rxh7+ Kxf6 31. Rxa7 Qxe3 32. Rhh7 Qb6+ 33. Kc2 Kf5 34. Rhf7+ Kg4 35. Rae7 Qf2+ 36. Kb3 e3 37. Rxe6 Kg3 38. Rfe7 Qxf4 39. Rxe3+ Kh2 40. g3 Qc4+ 41. Kb2 Qb5+ 42. Kc2 Qa4+ 43. Kb2 Qb5+ 44. Ka1 Qa4 45. Re1 Qc4 46. R7e3 Qc5 47. Kb2 Kh3 0-1

[Event "*** Titled Tuesday Blitz"]
[Site "Chess.com"]
[Date "2020.04.28"]
[Round "4"]
[White "Sanan_Sjugirov"]
[Black "xamax2000"]
[Result "0-1"]
[WhiteElo "2852"]
[BlackElo "2725"]
[TimeControl "180+1"]
[EndTime "10:41:11 PDT"]
[Termination "xamax2000 won by resignation"]

1. e4 c5 2. Nf3 e6 3. d3 Nc6 4. g3 Nf6 5. Bg2 d6 6. O-O Be7 7. c4 O-O 8. Nc3 Nd7 9. Be3 Nde5 10. Ne1 Nd4 11. Bxd4 cxd4 12. Ne2 Nc6 13. f4 Qb6 14. Qd2 Bd7 15. Nf3 Qc5 16. a3 a5 17. b3 Ra6 18.
Kh1 b5 19. Rfc1 bxc4 20. Rxc4 Qb6 21. Qd1 Rb8 22. Nc1 Ra7 23. Rc2 Rc7 24. Rb1 Rbc8 25.
Ne2 e5 26. f5 Na7 27. Rxc7 Rxc7 28. Nd2 Nb5 29. Nc4 Qa7 30. Qd2 d5 31. exd5 Nxa3 32. Ra1 Bb4 33. Qb2 Nb5 34. Rf1 f6 35. h4 Nd6 36. Qc1 a4 37. g4 axb3 38. g5 Nxc4 39. dxc4 d3 40. Ng3 Qd4 41. Ne4 d2 42. Qd1 b2 43.
gxf6 Bxf5 44. f7+ Rxf7 45. Qh5 g6 46. Qg5 Bxe4 47. Qd8+ Bf8 48. Rxf7 d1=Q+ 49. Kh2 Q1g1+ 0-1

[Event "*** Titled Tuesday Blitz"]
[Site "Chess.com"]
[Date "2020.04.28"]
[Round "4"]
[White "turayev_shahruh17"]
[Black "dretch"]
[Result "1-0"]
[WhiteElo "2518"]
[BlackElo "2700"]
[TimeControl "180+1"]
[EndTime "10:41:11 PDT"]
[Termination "turayev_shahruh17 won on time"]

1. e4 e6 2. d3 d5 3. Nd2 Bd6 4. Ngf3 c5 5. g3 Nc6 6. Bg2 Nge7 7. O-O O-O 8. Re1 Qc7 9. Nf1 d4 10.
N3d2 e5 11. a4 Na5 12. Nb1 c4 13. Nfd2 Be6 14. Na3 cxd3 15. cxd3 a6 16. b3 Bb4 17. Rb1 Rac8 18. Nac4 b5 19. Nxa5 Qxa5 20. Rf1 Rc3 21. Nf3 f6 22. Nh4 Rfc8 23. f4 exf4 24. Bxf4 R3c5 25. Bd6 Rc2 26. Bxe7 Bxe7 27. Nf5 Bf8 28. Kh1 Kh8 29. Nxd4 Rd2 30. Qe1 Bg4 31. h3 Bb4 32.
Qe3 Bd7 33. Rbc1 Qb6 34. Rxc8+ Bxc8 35. Rc1 Bd7 36. Nf5 Qxe3 37. Nxe3 Rxd3 38. Nd5 Bd6 39.
axb5 axb5 40. Bf1 Rxg3 41. Bxb5 Rxh3+ 42. Kg2 Rg3+ 43. Kf2 Be6 44. Rc6 Bxd5 45. Rxd6 1-0

[Event "*** Titled Tuesday Blitz"]
[Site "Chess.com"]
[Date "2020.04.28"]
[Round "4"]
[White "Jungle_Jaguar"]
[Black "UmutErdemGunduz"]
[Result "0-1"]
[WhiteElo "2618"]
[BlackElo "2415"]
[TimeControl "180+1"]
[EndTime "10:41:11 PDT"]
[Termination "UmutErdemGunduz won by checkmate"]

1. e4 e5 2. Nf3 Nc6 3. Bb5 a6 4. Ba4 Nf6 5. O-O Be7 6. Re1 b5 7. Bb3 O-O 8. c3 d5 9. d4 exd4 10. e5 Ne4 11. cxd4 Be6 12. Nc3 Nxc3 13. bxc3 h6 14.
Qd3 f5 15. exf6 Rxf6 16. Ne5 Nxe5 17. dxe5 Rf7 18. Bxh6 c5 19. Qg3 Bh4 20. Qg6 Bxf2+ 21.
Kh1 Bxe1 22. Rxe1 Qh4 23. Bd2 Re8 24. Bc2 Qf2 25. Qh7+ Kf8 26. Qd3 c4 27. Qe3 Qxe3 28.
Bxe3 Ke7 29. a4 Kd7 30. axb5 axb5 31. h3 Bf5 32. Bd1 Be4 33. Bg4+ Bf5 34. Bf3 Rxe5 35. Kg1 b4 36. cxb4 d4 37. Bf2 Rxe1+ 38. Bxe1 Bxh3 39. Bd5 Be6 40. Be4 c3 41. Bf2 Bf5 42. Bxf5+ Rxf5 43. Bxd4 c2 44. Be3 Rb5 45. Bd2 Rd5 46. Bf4 Rd1+ 47. Kh2 c1=Q 48. Bxc1 Rxc1 49. Kg3 Rb1 50. Kh4 Rxb4+ 51. g4 Ke6 52. Kg5 Kf7 53. Kh5 Rb5+ 54. g5 Rc5 55. Kh4 Kg6 56. Kg4 Rxg5+ 57. Kh4 Kf5 58.
Kh3 Rg4 59. Kh2 g5 60. Kh3 Kf4 61. Kh2 Kf3 62. Kh1 Kf2 63. Kh2 Rh4# 0-1

[Event "*** Titled Tuesday Blitz"]
[Site "Chess.com"]
[Date "2020.04.28"]
[Round "4"]
[White "ZarinaShafigullina"]
[Black "Borsuk_Konstantin"]
[Result "0-1"]
[WhiteElo "2203"]
[BlackElo "2572"]
[TimeControl "180+1"]
[EndTime "10:41:11 PDT"]
[Termination "Borsuk_Konstantin won on time"]

1. d4 Nf6 2. Nf3 e6 3. g3 b6 4. Bg2 Bb7 5. O-O Be7 6. c4 O-O 7. Nc3 Ne4 8. Bd2 f5 9. Ne5 d6 10. Nd3 Nxc3 11. Bxc3 Bxg2 12. Kxg2 g5 13. f4 Qe8 14. Re1 Qc6+ 15. Kg1 Qxc4 16. e4 Bf6 17. e5 dxe5 18. Nxe5 Bxe5 19. fxe5 Nc6 20. Qh5 Rf7 21. Qxg5+ Rg7 22. Qd2 Rd8 23. Rad1 Qxa2 24. d5 Qxd5 25. Qxd5 Rxd5 26. Rxd5 exd5 27. e6 d4 28. e7 Rxe7 29. Rxe7 Nxe7 30. Bxd4 Kf7 31. Kf2 Ke6 32. Kf3 Nd5 33.
h3 c5 34. Bg7 a5 35. g4 fxg4+ 36. Kxg4 a4 37. Kh5 Kf7 38. Be5 b5 39. Kg4 Ke6 40. Bg7 b4 41. Kh5 c4 42. Kh6 Nf6 43. Bf8 b3 44. Bb4 Nd5 45. Bd2 c3 46. Bc1 cxb2 47.
Bxb2 Nb4 48. Kxh7 Nd3 49. Ba3 b2 0-1

[Event "*** Titled Tuesday Blitz"]
[Site "Chess.com"]
[Date "2020.04.28"]
[Round "4"]
[White "wadsy27"]
[Black "GuerrieroFromLevant"]
[Result "1/2-1/2"]
[WhiteElo "2514"]
[BlackElo "2340"]
[TimeControl "180+1"]
[EndTime "10:41:11 PDT"]
[Termination "Game drawn by agreement"]

1. c4 e6 2. g3 d5 3. Bg2 Nf6 4. Nf3 c5 5. O-O d4 6. e3 Nc6 7. b3 e5 8. exd4 exd4 9. d3 Be7 10. Bf4 O-O 11. Ne5 Nxe5 12. Bxe5 Ne8 13. g4 Bd6 14. Bxd6 Nxd6 15. Nd2 Re8 16. Qf3 Qg5 17. Qg3 Qxd2 18.
Rad1 Qa5 19. Qxd6 Bxg4 20. Ra1 Be2 21. Rfe1 Bxd3 22. Rxe8+ Rxe8 23. Bxb7 h6 24. Bd5 Re1+ 25. Rxe1 Qxe1+ 26. Kg2 Qf1+ 27. Kg3 Qg1+ 28. Kf3 h5 29. Qd8+ Kh7 30. Qh4 Kh6 31. Qf4+ Qg5 32. Bxf7 Be2+ 33.
Ke4 Bd3+ 34. Kf3 Qxf4+ 35. Kxf4 Bb1 36. a3 g5+ 37. Kf3 a5 38. b4 axb4 39. axb4 cxb4 40. c5 Bf5 41. c6 Kg7 42. Bc4 Kf6 43. c7 Ke5 44.
Ba6 b3 45. Bd3 Bg4+ 46. Kg3 Kd6 47. f4 gxf4+ 48. Kxf4 Kxc7 49. Ke5 b2 50. Kxd4 Kd6 51. Kc3 Ke5 52. Kxb2 Kf4 53. h4 Kf3 54. Bg6 Kg3 55. Bxh5 Bxh5 1/2-1/2

[Event "*** Titled Tuesday Blitz"]
[Site "Chess.com"]
[Date "2020.04.28"]
[Round "4"]
[White "Dr_Thomas_Quilter"]
[Black "Nara_Kh"]
[Result "0-1"]
[WhiteElo "2225"]
[BlackElo "2461"]
[TimeControl "180+1"]
[EndTime "10:41:11 PDT"]
[Termination "Nara_Kh won by checkmate"]

1. Nc3 Nf6 2. e4 d6 3. d4 g6 4.
f3 c6 5. Be3 b5 6. Qd2 Nbd7 7. g4 Bb7 8. h4 h5 9. g5 Nh7 10. f4 b4 11. Nce2 c5 12. Bg2 Bg7 13. f5 gxf5 14. Nf4 fxe4 15. Nxh5 Rg8 16. Nh3 Bxd4 17. Bxd4 cxd4 18. Qxd4 Qb6 19. O-O-O d5 20. N3f4 e6 21. Bh3 Qxd4 22. Rxd4 a5 23. g6 fxg6 24.
Bxe6 Rf8 25. Nxg6 Rf2 26. Bxd5 Bxd5 27. Rxd5 Rc8 28. Ng7+ Kf7 29. Rxd7+ Kxg6 30. Rg1+ Kf6 31. Nh5+ Ke6 32. Rd2 Rxd2 33. Kxd2 Ke5 34. Rg7 Nf6 35. Re7+ Kd6 36. Ra7 Nxh5 37. Ra6+ Ke7 38. Ra7+ Kf6 39. Ra6+ Kf5 40. Rxa5+ Kg4 41. Re5 Ng3 42. a4 Rf8 43. a5 Rf2+ 44. Kd1 Rf1+ 45. Kd2 Rf2+ 46. Kd1 Kf3 47. Re8 e3 48. h5 Rf1# 0-1

[Event "*** Titled Tuesday Blitz"]
[Site "Chess.com"]
[Date "2020.04.28"]
[Round "4"]
[White "Blitzstream"]
[Black "Vaathi_Coming"]
[Result "0-1"]
[WhiteElo "2704"]
[BlackElo "2875"]
[TimeControl "180+1"]
[EndTime "10:41:12 PDT"]
[Termination "Vaathi_Coming won on time"]

1. d4 Nf6 2. Bg5 g6 3. Bxf6 exf6 4. c4 d5 5. cxd5 Qxd5 6. Nc3 Bb4 7. Qa4+ Nc6 8. Qxb4 Nxb4 9. Nxd5 Nxd5 10. Rc1 c6 11. e3 Be6 12. Bc4 O-O-O 13. Nf3 Kb8 14. Ke2 Rhe8 15.
Rhd1 g5 16. Kf1 h5 17. g3 Bg4 18. Be2 Re7 19. h4 Rg8 20. a3 Bh3+ 21. Ke1 Bf5 22.
b4 a6 23. Bd3 Nxe3 24. Bxf5 Nxf5+ 25. Kf1 gxh4 26. gxh4 Re4 27. d5 Rf4 28. Rc3 Rd8 29.
Re1 Rxd5 30. Re8+ Ka7 31. Rh8 Nxh4 32. Nxh4 Rxh4 33. Re3 Rhd4 34. Ree8 Kb6 35. Rhf8 Rd7 36. Re3 Rd3 37. Re4 Rxa3 38. Rh8 Rb3 39. Rxh5 Rbd3 40.
Kg2 R3d4 41. Re8 Rxb4 42. Rf5 a5 43. Rxf6 a4 44. Rf3 Kb5 45. Rf5+ c5 46. Rf3 b6 47. Rb8 Ra7 48. Rf6 Ka5 49. Rf3 Rb3 0-1

[Event "*** Titled Tuesday Blitz"]
[Site "Chess.com"]
[Date "2020.04.28"]
[Round "4"]
[White "IMRosen"]
[Black "Oleksandr_Bortnyk"]
[Result "0-1"]
[WhiteElo "2556"]
[BlackElo "3000"]
[TimeControl "180+1"]
[EndTime "10:41:12 PDT"]
[Termination "Oleksandr_Bortnyk won by checkmate"]

1. d4 d6 2. Nc3 g6 3. e4 Bg7 4. Bf4 a6 5. Qd2 b5 6. f3 Bb7 7. h4 h6 8. a4 b4 9. Na2 a5 10.
c3 c5 11. Bc4 cxd4 12. cxd4 Nf6 13. Ne2 Qb6 14. Be3 d5 15. Bb5+ Bc6 16. Bxc6+ Nxc6 17.
e5 Nd7 18. b3 Rc8 19. O-O e6 20. Kh1 Qa6 21. Nac1 g5 22. h5 O-O 23. Nd3 f5 24. exf6 Nxf6 25. Nc5 Qa7 26. Nxe6 Rfe8 27. Nxg7 Qxg7 28.
Ng3 Qf7 29. Nf5 Qxh5+ 30. Kg1 Re6 31. g4 Qg6 32. Qh2 h5 33. Rae1 Rce8 34. Bf2 hxg4 35. Nh6+ Kg7 36. Nxg4 Nxg4 37. fxg4 Rxe1 38. Rxe1 Rxe1+ 39. Bxe1 Nxd4 40. Qc7+ Qf7 41. Qxa5 Nf3+ 42. Kf2 Ne5+ 43.
Kg1 Nf3+ 44. Kf2 Ne5+ 45. Kg1 Nd3 46. Bxb4 Qf4 47. Kh1 Qf3+ 48. Kh2 Qf2+ 49. Kh1 Qh4+ 50. Kg2 Qxg4+ 51. Kh1 Qh3+ 52. Kg1 Qg3+ 53. Kf1 Qf2# 0-1

[Event "*** Titled Tuesday Blitz"]
[Site "Chess.com"]
[Date "2020.04.28"]
[Round "4"]
[White "BaMBoMaTTo"]
[Black "elisak43"]
[Result "1-0"]
[WhiteElo "2630"]
[BlackElo "2395"]
[TimeControl "180+1"]
[EndTime "10:41:12 PDT"]
[Termination "BaMBoMaTTo won by checkmate"]

1. e4 e5 2. Nf3 Nc6 3. Bb5 a6 4. Ba4 Nf6 5. O-O Be7 6. Re1 b5 7.
Bb3 d6 8. c3 O-O 9. h3 Na5 10.
Bc2 c5 11. d4 Nd7 12. Nbd2 exd4 13. cxd4 Nc6 14. d5 Nce5 15. Nxe5 Nxe5 16. f4 Ng6 17. Nf3 Bh4 18. Nxh4 Qxh4 19. f5 Ne5 20. Rf1 Bd7 21.
Bf4 Rfe8 22. Qd2 h6 23. b3 b4 24. a4 bxa3 25. Rxa3 Bb5 26. Rc1 Rac8 27. Bb1 Qf6 28. Rc3 c4 29. Kh2 cxb3 30. Raxb3 Rxc3 31. Rxc3 Nc4 32. Qc1 Qd4 33. Rg3 Kh7 34. e5 f6 35. exf6 Qxf6 36. Rg6 Qd4 37. f6 Kh8 38. fxg7+ Kg8 39. Rxh6 Ne3 40. Rh8+ Kxg7 41. Qc7+ Kf6 42. Rh6# 1-0

[Event "*** Titled Tuesday Blitz"]
[Site "Chess.com"]
[Date "2020.04.28"]
[Round "4"]
[White "Antelacus"]
[Black "Chessy222222"]
[Result "1-0"]
[WhiteElo "2314"]
[BlackElo "2105"]
[TimeControl "180+1"]
[EndTime "10:41:12 PDT"]
[Termination "Antelacus won on time"]

1. d4 Nf6 2. c4 g6 3. Nc3 Bg7 4. e4 d6 5. Nf3 O-O 6. Be2 e5 7. O-O Na6 8. Rb1 exd4 9. Nxd4 Nc5 10. f3 a5 11. Be3 Re8 12. Qd2 Bd7 13. b3 Ne6 14. Rfe1 b6 15. a3 Qb8 16. b4 axb4 17.
axb4 Qb7 18. Ra1 Rxa1 19. Rxa1 Ra8 20. Qb2 Ne8 21. Nd5 c6 22. Rxa8 Qxa8 23. Nxb6 Qa7 24. Nxd7 Bxd4 25. Bxd4 Nxd4 26. Kf1 Nxe2 27. Nf6+ Nxf6 28.
Qxf6 Nd4 29. Qd8+ Kg7 30. Qxd6 Qa1+ 31. Kf2 Qa2+ 32. Ke3 Nc2+ 33. Kf4 Qxc4 34. Qe5+ f6 35. Qc7+ Kh6 36. h4 Nd4 37. Qc8 Ne6+ 38. Kg3 Nd4 39. Qd7 Qxb4 40. h5 Qe1+ 41. Kh2 g5 42. Qe8 Qh4+ 43. Kg1 Qe1+ 44. Kh2 1-0

[Event "*** Titled Tuesday Blitz"]
[Site "Chess.com"]
[Date "2020.04.28"]
[Round "4"]
[White "AminMolaei"]
[Black "2L8IWUN"]
[Result "0-1"]
[WhiteElo "2498"]
[BlackElo "2716"]
[TimeControl "180+1"]
[EndTime "10:41:13 PDT"]
[Termination "2L8IWUN won by resignation"]

1. d4 Nf6 2. c4 e6 3. g3 d5 4. Bg2 dxc4 5. Nf3 a6 6. a4 Nc6 7. O-O Rb8 8. Re1 b5 9. e4 Be7 10. h4 Nb4 11. Ne5 Bb7 12. Nc3 c5 13. d5 Qb6 14. a5 Qd8 15. Bf4 Rc8 16. Qe2 exd5 17. exd5 O-O 18. d6 Bxg2 19. dxe7 Qxe7 20. Kxg2 Qb7+ 21.
Qf3 Qxf3+ 22. Kxf3 Nc2 23. Rad1 Nxe1+ 24. Rxe1 Rfd8 25.
g4 Nd5 26. Nxd5 Rxd5 27. Nc6 Rd3+ 28. Kg2 Kf8 29. Nb8 Re8 30. Rxe8+ Kxe8 31. Nxa6 c3 32.
bxc3 Rxc3 33. Nc7+ Kd7 34. Nxb5 Rc4 35. Kf3 Ra4 36. Nc3 Rxa5 37. h5 Ra3 38. Bd2 Ke6 39.
Ke4 g6 40. hxg6 hxg6 41. f4 f5+ 42. gxf5+ gxf5+ 43. Kd3 Kd6 44. Kc4 Kc6 45. Be3 Ra5 46. Bf2 Ra3 47. Be3 Ra5 48. Kd3 Ra1 49. Kc4 Rf1 50.
Bxc5 Rxf4+ 51. Bd4 Kd6 52. Kd3 Rf3+ 53. Be3 f4 54. Ne4+ Ke5 0-1